 Dungeon Sprint DCSS version 0.23-a0-136-g722f094 (webtiles) character file.

1192 Kidiri the Thaumaturge (level 8, -1/47 HPs)
             Began as a Deep Elf Fire Elementalist on Aug 28, 2018.
             Was a Believer of Vehumet.
             Slain by Snorg (5 damage)
             ... in the Dungeon (Sprint III: "The Ten Rune Challenge").
             The game lasted 00:06:25 (1003 turns).

Kidiri the Thaumaturge (Deep Elf Fire Elementalist) Turns: 1003, Time: 00:06:26

Health: -1/47      AC:  5    Str:  5    XL:     8   Next: 20%
Magic:  6/26       EV: 16    Int: 23    God:    Vehumet [**....]
Gold:   28         SH:  4    Dex: 15    Spells: 5/32 levels left

rFire    + . .     SeeInvis .   q - +0 dagger (venom)
rCold    . . .     Gourm    .   (no shield)
rNeg     . . .     Faith    .   a - +0 robe
rPois    .         Spirit   .   (no helmet)
rElec    .         Reflect  .   b - +2 cloak
rCorr    .         Harm     .   (no gloves)
MR       .....     NoTele   +   (no boots)
Stlth    ++........             (no amulet)
HPRegen  0.15/turn              (no ring)
MPRegen  0.20/turn              (no ring)

@: very slightly contaminated, hasted, very quick
A: large bone plates 1, fire resistance 1, screaming 1, sturdy frame 1
a: Renounce Religion


You were in the Dungeon.
You worshipped Vehumet.
Vehumet was pleased with you.
You were hungry.

You visited 1 branch You collected 28 gold pieces.

Inventory:

Hand Weapons
 q - a +0 dagger of venom (weapon)
Armour
 a - a +0 robe (worn)
 b - a +2 cloak (worn)
 s - a +0 buckler
Wands
 t - a wand of iceblast (9)
Scrolls
 j - a scroll of enchant armour {unknown}
 k - 2 scrolls of holy word {unknown}
 l - a scroll of identify {unknown}
 m - 2 scrolls of remove curse {unknown}
 o - a scroll of fog {unknown}
Potions
 d - a potion of curing
 e - a potion of heal wounds
 g - 2 potions of magic
 h - 2 potions of mutation
 n - 2 potions of flight {unknown}
 p - 2 potions of might
Comestibles
 c - 4 rations


   Skills:
 + Level 3.6 Fighting
 + Level 4.3 Short Blades
 + Level 3.6 Armour
 + Level 6.0 Dodging
 - Level 2.4 Stealth
 + Level 1.4 Shields
 * Level 12.6 Spellcasting
 + Level 7.6 Conjurations
 + Level 8.2 Fire Magic
 + Level 3.0 Ice Magic
 + Level 4.3 Air Magic
 + Level 4.8 Poison Magic


You had 5 spell levels left.
You knew the following spells:

 Your Spells              Type           Power        Failure   Level  Hunger
a - Flame Tongue          Conj/Fire      #####        1%          1    None
b - Throw Flame           Conj/Fire      ######       1%          2    None
c - Conjure Flame         Conj/Fire      ######..     1%          3    None
d - Inner Flame           Hex/Fire       ####....     2%          3    None
e - Sticky Flame          Conj/Fire      ######..     1%          4    None
f - Fireball              Conj/Fire      ######....   4%          5    ###....
g - Freezing Cloud        Conj/Ice/Air   #####.....   65%         6    #####..
h - Mephitic Cloud        Conj/Pois/Air  #####...     1%          3    None

Your spell library contained the following spells:

 Spells                   Type           Power        Failure   Level  Hunger
 Searing Ray              Conj           #####.       1%          2    None
 Poisonous Vapours        Pois/Air       #####.       1%          2    None
 Animate Skeleton         Necr           N/A          4%          1    None
 Apportation              Tloc           ##....       4%          1    None
 Confusing Touch          Hex            ##....       4%          1    None
 Summon Small Mammal      Summ           ##..         4%          1    None
 Ring of Flames           Chrm/Fire      ####......   100%        7    ######.


Dungeon Overview and Level Annotations

Branches:
Dungeon (1/1)

Altars:
Cheibriados
Dithmenos
Elyvilon
Fedhas
Gozag
Hepliaklqana
Kikubaaqudgha
Makhleb
Nemelex Xobeh
Okawaru
Qazlal
Ru
Sif Muna
Trog
Uskayaw
Vehumet
Wu Jian
Xom
Yredelemnul
Zin
The Shining One
Beogh
Jiyva
Lugonu

Annotations:
D exclusion: door, Snorg


Innate Abilities, Weirdness & Mutations

You are partially covered in large bone plates. (SH +4)
Your flesh is heat resistant. (rF+)
You occasionally shout uncontrollably at your foes.
Your movements are slightly less encumbered by armour. (ER -2)


Message History

Casting: Fireball (safe; 4% risk of failure)
Confirm with . or Enter, or press ? or * to list all spells.
Aiming: Conjure Flame (safe; 1% risk of failure)
Press: ? - help, Dir - move target cursor The fire ignites!
Snorg is engulfed in blazing flames.
Snorg rages.
Casting: Conjure Flame (safe; 1% risk of failure)
Confirm with . or Enter, or press ? or * to list all spells.
Aiming: Sticky Flame (safe; 1% risk of failure)
Press: ? - help, Shift-Dir - straight line, f - Snorg
Aim: Snorg (heavily wounded, berserk, fast, unusually strong)
The sticky flame hits Snorg.
Snorg is heavily wounded.
Snorg is covered in liquid flames!
Snorg burns!
You block Snorg's attack. Snorg claws you. Snorg claws you but does no damage.
Unknown command.
You feel yourself speed up.
Snorg burns!
Snorg bites you!
* * * LOW HITPOINT WARNING * * *
Snorg claws you.
You die...

▓▓▓ ##.############
####..#__e#___#__#
#..#..#...#__)#._#
#..#..###+#+###+##
##+#..#.....)...@#
###...'.⌠.......T#
###...#...######§#
##....#.⌠.#__#...#+#####
#.....#...#__#...#..≈§§+
.)....#+###__#...#.#§§§#
#.....#.[.#__#...'.#.§§#
##....#___#__'...#.#§§.#
▓▓▓▓▓▓▓▓▓▓▓▓▓▓▓▓▓▓▓ ▓▓


You could see Snorg (berserk).

Vanquished Creatures
  A deep elf mage (D)
  A shadow (D)
  A spatial vortex (D)
  A necrophage (D)
  A water elemental (D)
  A jelly (D)
  Crazy Yiuf (D)
  A wizard (D)
  A necromancer (D)
  3 humans (D)
  A kobold demonologist (D)
  4 rats (D)
17 creatures vanquished.

Vanquished Creatures (others)
  2 draconian scorchers (D)
  6 hellions (D)
  2 yaktaurs (D)
10 creatures vanquished.

Grand Total: 27 creatures vanquished

Notes
Turn   | Place    | Note
-------+----------+-------------------------------------------
     0 | D        | Kidiri the Deep Elf Fire Elementalist began the quest for
                  | the Orb.
     0 | D        | Reached XP level 1. HP: 10/10 MP: 6/6
    25 | D        | Killed a yaktaur
    42 | D        | Killed a yaktaur
    57 | D        | Reached skill level 4 in Spellcasting
    89 | D        | Killed a hellion
    92 | D        | Killed a hellion
    94 | D        | Reached skill level 5 in Spellcasting
    94 | D        | Reached XP level 2. HP: 7/15 MP: 4/10
   102 | D        | Killed a hellion
   121 | D        | Killed a white draconian scorcher
   127 | D        | Learned a level 2 spell: Throw Flame
   128 | D        | Killed a hellion
   128 | D        | Killed a hellion
   130 | D        | Killed a hellion
   152 | D        | Killed a white draconian scorcher
   280 | D        | Noticed Crazy Yiuf
   286 | D        | Killed Crazy Yiuf
   286 | D        | Reached skill level 7 in Spellcasting
   286 | D        | Reached skill level 5 in Fire Magic
   286 | D        | Reached XP level 3. HP: 19/19 MP: 4/13
   298 | D        | Learned a level 3 spell: Conjure Flame
   302 | D        | Learned a level 3 spell: Inner Flame
   318 | D        | Gained mutation: You tend to lose your temper in combat.
                  | [potion of mutation]
   318 | D        | Gained mutation: Your muscles are strong. (Str +2) [potion
                  | of mutation]
   320 | D        | Lost mutation: Your muscles are strong. (Str +2) [potion of
                  | mutation]
   320 | D        | Lost mutation: You tend to lose your temper in combat.
                  | [potion of mutation]
   320 | D        | Gained mutation: You are partially covered in large bone
                  | plates. (SH +4) [potion of mutation]
   320 | D        | Gained mutation: Your flesh is heat resistant. (rF+)
                  | [potion of mutation]
   320 | D        | Gained mutation: You occasionally shout uncontrollably at
                  | your foes. [potion of mutation]
   320 | D        | Gained mutation: Your movements are slightly less
                  | encumbered by armour. (ER -2) [potion of mutation]
   351 | D        | Noticed a water elemental
   355 | D        | Killed a water elemental
   355 | D        | Reached skill level 8 in Spellcasting
   355 | D        | Reached XP level 4. HP: 24/24 MP: 8/16
   362 | D        | Learned a level 4 spell: Sticky Flame
   406 | D        | Found a radiant altar of Vehumet.
   407 | D        | Found a deep blue altar of Sif Muna.
   407 | D        | Found an ancient bone altar of Kikubaaqudgha.
   407 | D        | Noticed a wizard
   408 | D        | Noticed a rust devil
   409 | D        | Killed a wizard
   409 | D        | Reached skill level 9 in Spellcasting
   409 | D        | Reached skill level 5 in Conjurations
   411 | D        | Reached XP level 5. HP: 28/28 MP: 6/19
   424 | D        | Learned a level 5 spell: Fireball
   428 | D        | Became a worshipper of Vehumet
   494 | D        | Learned a level 3 spell: Mephitic Cloud
   494 | D        | Found a glowing silver altar of Zin.
   495 | D        | Found a glowing golden altar of the Shining One.
   495 | D        | Found a white marble altar of Elyvilon.
   495 | D        | Noticed a deep elf mage
   506 | D        | Killed a deep elf mage
   506 | D        | Reached skill level 11 in Spellcasting
   506 | D        | Reached XP level 6. HP: 29/36 MP: 4/22
   506 | D        | Reached XP level 7. HP: 32/40 MP: 4/24
   514 | D        | Learned a level 6 spell: Freezing Cloud
   611 | D        | Found a hide-covered altar of Uskayaw.
   611 | D        | Found a roughly hewn altar of Beogh.
   611 | D        | Found an iron altar of Okawaru.
   611 | D        | Found a bloodstained altar of Trog.
   611 | D        | Found an ornate altar of the Wu Jian Council.
   611 | D        | Noticed a human
   611 | D        | Noticed a human
   618 | D        | Killed a human
   618 | D        | Reached skill level 5 in Dodging
   618 | D        | Reached skill level 1 in Ice Magic
   627 | D        | Killed a human
   627 | D        | Reached * piety under Vehumet
   627 | D        | Offered knowledge of Magic Dart by Vehumet.
   627 | D        | Reached skill level 12 in Spellcasting
   720 | D        | Found a basalt altar of Yredelemnul.
   720 | D        | Found a shadowy altar of Dithmenos.
   720 | D        | Found a sacrificial altar of Ru.
   844 | D        | Noticed a shadow
   849 | D        | Killed a shadow
   849 | D        | Reached ** piety under Vehumet
   849 | D        | Offered knowledge of Searing Ray by Vehumet.
   849 | D        | Reached skill level 1 in Shields
   849 | D        | Reached XP level 8. HP: 46/46 MP: 17/26
   891 | D        | Found a blossoming altar of Fedhas.
   891 | D        | Found a stormy altar of Qazlal.
   891 | D        | Found a snail-covered altar of Cheibriados.
   891 | D        | Found a burning altar of Makhleb.
   891 | D        | Found a shimmering altar of Xom.
   892 | D        | Found a hazy altar of Hepliaklqana.
   892 | D        | Found an opulent altar of Gozag.
   892 | D        | Found a sparkling altar of Nemelex Xobeh.
   892 | D        | Found a corrupted altar of Lugonu.
   892 | D        | Found a viscous altar of Jiyva.
   993 | D        | Noticed Snorg
  1003 | D        | Slain by Snorg

Vault maps used:
D:        dungeon_sprint_mu

Skill      XL: |  1  2  3  4  5  6  7  8 |
---------------+-------------------------+-----
Spellcasting   | 5 7 8 9 11 12 | 12.6
Conjurations   | 3 4 5 6 7 |  7.6
Fire Magic     | 4 5 6 7 8 |  8.2
Fighting       | 2 3 |  3.6
Short Blades   | 3 4 |  4.3
Armour         | 2 3 |  3.6
Dodging        | 4 5 6 |  6.0
Air Magic      | 3 4 |  4.3
Poison Magic   | 3 4 |  4.8
Ice Magic      | 2 3 |  3.0
Shields        | 1 |  1.4
Stealth        | |  2.4

Action                   |  1- 3 |  4- 6 |  7- 9 || total
-------------------------+-------+-------+-------++-------
Melee: Unarmed           |     9 |       |       ||     9
 Cast: Flame Tongue      |    17 |     5 |    36 ||    58
       Conjure Flame     |     1 |       |     3 ||     4
       Sticky Flame      |       |     3 |     2 ||     5
       Mephitic Cloud    |       |     2 |     1 ||     3
       Inner Flame       |       |       |     2 ||     2
       Throw Flame       |       |       |     1 ||     1
       Fireball          |       |       |     3 ||     3
  Use: Potion            |     3 |       |     1 ||     4
       Scroll            |       |       |     1 ||     1
Armor: Robe              |     1 |     2 |     1 ||     4
Dodge: Dodged            |     7 |     4 |     5 ||    16
Block: Other             |       |     1 |     2 ||     3

Table legend:
 A = Non-vault XP
 B = Vault XP
 C = Vault XP percentage of total XP
 D = Non-vault monster count
 E = Vault monster count
 F = Vault count percentage of total count
                 A         B        C        D         E       F
            +---------+---------+-------+---------+---------+-------
      Total |       0 |    1703 | 100.0 |       0 |      17 | 100.0
            +---------+---------+-------+---------+---------+-------
          D |       0 |    1703 | 100.0 |       0 |      17 | 100.0
            +---------+---------+-------+---------+---------+-------
